 Dungeon Crawl Stone Soup version 0.21-a0-437-ge5bf024 (webtiles) character file.

141 varam the Charlatan (level 5, 0/29 HPs)
             Began as a Kobold Artificer on Nov 9, 2017.
             Slain by a bullfrog (8 damage)
             ... in a sewer.
             The game lasted 00:13:41 (3154 turns).

varam the Charlatan (Kobold Artificer)              Turns: 3154, Time: 00:13:42

Health: 0/29       AC:  3    Str:  9    XL:     5   Next: 48%
Magic:  9/9        EV: 14    Int: 12    God:
Gold:   76         SH:  0    Dex: 17    Spells: 4/4 levels left

rFire    . . .     SeeInvis .   r - +0 short sword (speed)
rCold    . . .     Gourm    .   (shield restricted)
rNeg     . . .     Faith    .   b - +0 leather armour
rPois    .         Spirit   .   (no helmet)
rElec    .         Reflect  .   (no cloak)
rCorr    .         Harm     .   (no gloves)
MR       .....                  (no boots)
Stlth    +.........             v - amulet of rage
HPRegen  0.09/turn              (no ring)
MPRegen  0.11/turn              (no ring)

@: lethally poisoned (0 -> -2), berserk cooldown, slowed, very slow
A: carnivore 3
a: Evoke Berserk Rage


You were in a sewer.
You were very full.

You visited 1 branch of the dungeon, and saw 3 of its levels.
You also visited: Sewer.

You collected 76 gold pieces.

Inventory:

Hand Weapons
 a - a +0 short sword
 h - a cursed -1 hunting sling
 r - a +0 short sword of speed (weapon)
Missiles
 g - 6 curare-tipped needles
 x - 47 stones (quivered)
Armour
 b - a +0 leather armour (worn)
Jewellery
 v - an amulet of rage (around neck)
Wands
 c - a wand of flame (5/48)
 d - a wand of enslavement (15/24)
 e - a wand of random effects (11/48)
 z - a wand of random effects (26/48)
Scrolls
 j - 2 scrolls of teleportation {unknown}
 k - a scroll of amnesia {unknown}
 m - 2 scrolls of blinking {unknown}
 n - a scroll of random uselessness {unknown}
 t - a scroll of enchant weapon {unknown}
 u - 2 scrolls of remove curse {unknown}
 w - a scroll of enchant armour {unknown}
 y - 2 scrolls of identify {unknown}
 C - a scroll of fear {unknown}
 D - 2 scrolls of recharging {unknown}
Potions
 l - a potion of haste {unknown}
 o - 3 potions of magic {unknown}
 p - 3 potions of heal wounds {unknown}
 q - 2 potions of curing {unknown}
 s - a potion of agility {unknown}
 A - a potion of might {unknown}
Comestibles
 f - a meat ration
 i - a royal jelly
 B - 4 chunks of flesh


   Skills:
 - Level 1.1 Fighting
 + Level 4.6 Short Blades
 - Level 2.4 Dodging
 - Level 1.3 Stealth
 + Level 5.5 Evocations


You had 4 spell levels left.
You didn't know any spells.

Dungeon Overview and Level Annotations

Branches:
Dungeon (3/15)

Altars:
Cheibriados
Trog
Vehumet


Innate Abilities, Weirdness & Mutations

You are small and have problems with some larger weapons.
You are carnivorous and can eat meat at any time.


Message History

The adder is almost dead.
The adder misses you.
You puncture the adder!
You kill the adder!
You are too berserk!
You enter the shallow water.
Moving in this stuff is going to be slow.
You feel sick. The bullfrog hits you. The adder bites you.
The ball python closely misses you. x2; The adder closely misses you.
Why would you want to do that?
You feel a strong urge to attack something.
Why would you want to do that? Why would you want to do that?
You are no longer berserk.
You are exhausted.
You feel yourself slow down. The adder bites you but does no damage.
The adder misses you.
You feel sick.
The bullfrog hits you. x2; The adder bites you.
The bullfrog closely misses you. The bullfrog hits you!
You die...

#####...# #..'....#
#..#....# ####...##
###################....#
..≈≈≈≈≈≈≈≈≈≈≈≈≈≈≈#.....#
..≈≈≈≈≈≈≈≈≈≈≈≈≈≈≈≈....##
..≈≈≈≈≈≈≈≈≈≈S≈≈≈≈.....#
..≈≈≈≈≈#≈S≈SS@≈≈≈.....#
S≈≈≈≈≈l≈..l≈FF≈≈≈....##
..≈≈≈≈≈≈≈≈≈≈S≈≈≈≈#.###
####################


You could see 2 bullfrogs, 2 adders, 3 ball pythons and 2 frilled lizards.

Vanquished Creatures
  4 adders
  A river rat (Sewer)
  4 oozes
  A worm (D:3)
  4 dart slugs
  A leopard gecko (D:2)
  3 goblins
  6 hobgoblins
  A jackal (D:3)
  A quokka (D:2)
  9 ball pythons
  6 bats
  5 frilled lizards
  3 kobolds
  33 rats
82 creatures vanquished.

Notes
Turn   | Place    | Note
-------+----------+-------------------------------------------
     0 | D:1      | varam the Kobold Artificer began the quest for the Orb.
     0 | D:1      | Reached XP level 1. HP: 12/12 MP: 3/3
    58 | D:1      | Reached skill level 2 in Short Blades
    58 | D:1      | Reached skill level 4 in Evocations
    58 | D:1      | Reached XP level 2. HP: 11/16 MP: 5/5
   571 | D:1      | Reached XP level 3. HP: 19/20 MP: 6/6
   848 | D:2      | Reached skill level 3 in Short Blades
  1362 | D:2      | Found a snail-covered altar of Cheibriados.
  1502 | D:2      | Found a radiant altar of Vehumet.
  1797 | D:2      | Reached XP level 4. HP: 20/25 MP: 7/7
  1870 | D:2      | Found a bloodstained altar of Trog.
  2332 | D:3      | Found a glowing drain.
  2345 | D:3      | Reached skill level 5 in Evocations
  2374 | Sewer    | Entered a sewer
  2650 | Sewer    | Reached skill level 4 in Short Blades
  2697 | Sewer    | Reached XP level 5. HP: 29/29 MP: 8/8
  3143 | Sewer    | Noticed a bullfrog
  3145 | Sewer    | Noticed a bullfrog
  3154 | Sewer    | Slain by a bullfrog

Vault maps used:
D:1:      dpeg_arrival_pits
D:2:      fiery_altar_vehumet, lemuel_round_altar, kennysheep_slug_shrine,
          grunt_ministairs_15
D:3:      lemuel_zombie_altar_kikubaaqudgha, cheibrodos_sewer_entry_drain,
          first_bread, minmay_unequal
Sewer:    sewer_minmay_w

Skill      XL: |  1  2  3  4 |
---------------+-------------+-----
Short Blades   | 2 3 4 |  4.6
Evocations     | 4 5 |  5.5
Fighting       | |  1.1
Dodging        | |  2.4
Stealth        | |  1.3

Action                   |  1- 3 |  4- 6 || total
-------------------------+-------+-------++-------
Melee: Short sword       |   122 |   153 ||   275
Throw: Stone             |     1 |    16 ||    17
 Abil: Evoke Berserk Rag |       |     5 ||     5
Evoke: Wand              |     8 |     7 ||    15
 Stab: Paralysed         |     1 |       ||     1
       Sleeping          |       |     2 ||     2
  Eat: Chunk             |    11 |     8 ||    19
Armor: Leather armour    |    30 |    24 ||    54
Dodge: Dodged            |    70 |    87 ||   157

Table legend:
 A = Spawn XP
 B = Non-spawn XP
 C = Spawn XP percentage of total XP
 D = Spawn monster count
 E = Non-spawn monster count
 F = Spawn count percentage of total count
 G = Total turns spent on level
                    A         B        C        D         E        F      G
               +---------+---------+-------+---------+---------+-------+---------
         Total |       0 |     202 |   0.0 |       0 |      82 |   0.0 |  3154
               +---------+---------+-------+---------+---------+-------+---------
           D:1 |       0 |      36 |   0.0 |       0 |      17 |   0.0 |   723
           D:2 |       0 |      53 |   0.0 |       0 |      18 |   0.0 |  1545
           D:3 |       0 |      17 |   0.0 |       0 |       8 |   0.0 |   106
         Sewer |       0 |      96 |   0.0 |       0 |      39 |   0.0 |   780
               +---------+---------+-------+---------+---------+-------+---------
